 Dungeon Crawl Stone Soup version 0.17.1-3-g152610e (webtiles) character file.

136 Shotgun the Ducker (level 4, -8/36 HPs)
             Began as a Draconian Transmuter on Apr 20, 2016.
             Killed by nerve-wracking pain
             ... invoked by Menkaure
              (12 damage)
             ... on level 3 of the Dungeon.
             The game lasted 00:12:44 (3450 turns).

Shotgun the Ducker (Draconian Transmuter)           Turns: 3450, Time: 00:12:49

Health: -8/36      AC:  5    Str: 13    XL:     4   Next: 98%
Magic:  7/7        EV: 12    Int: 13    God:
Gold:   71         SH:  3    Dex: 12    Spells: 1 memorised, 6 levels left

rFire  x x .     SeeInvis .     g - +0 hand axe
rCold  + + .     Clarity  .     (armour unavailable)
rNeg   . . .     SustAt   .     u - +0 buckler
rPois  .         Gourm    .     (helmet restricted)
rElec  .         Spirit   .     (no cloak)
rCorr  .         Warding  .     (no gloves)
rMut   .         Stasis   .     (no boots)
MR     .....                    q - amulet of faith
Stlth  +.........               o - ring of ice
                                c - ring of ice

@: not resistant to hostile enchantments, very unstealthy
A: unfitting armour, cold-blooded, AC +5
a: no special abilities


You were on level 3 of the Dungeon.
You were not hungry.

You visited 1 branch of the dungeon, and saw 4 of its levels.

You collected 71 gold pieces.

Inventory:

Hand Weapons
 e - a +0 dagger
 g - a +0 hand axe (weapon)
Missiles
 a - 12 arrows
 f - 41 stones (quivered)
 p - 3 needles of paralysis
 t - 13 poisoned needles
Armour
 u - a +0 buckler (worn)
Jewellery
 c - a ring of ice (left hand)
 o - a ring of ice (right hand)
 q - an amulet of faith (around neck)
Scrolls
 d - 4 scrolls of identify
 k - a scroll of fog {unknown}
 l - a scroll of fear {unknown}
 n - a scroll of enchant weapon {unknown}
 r - 2 scrolls of amnesia {unknown}
Potions
 h - a potion of flight {unknown}
 j - 2 potions of heal wounds {unknown}
Books
 b - a book of Changes

   Spells                             Type                      Level
   a - Beastly Appendage              Transmutation                1
   b - Sticks to Snakes               Transmutation                2
   c - Spider Form                    Transmutation/Poison         3
   d - Ice Form                       Ice/Transmutation            4
   e - Blade Hands                    Transmutation                5
Comestibles
 i - 7 fruits
 m - a meat ration
 s - a bread ration


   Skills:
 + Level 1.7 Fighting
 + Level 0.6 Axes
 + Level 3.4 Dodging
 + Level 1.0 Stealth
 - Level 3.3 Unarmed Combat
 + Level 2.1 Spellcasting
 * Level 2.8 Transmutations


You had 6 spell levels left.
You knew the following spells:

 Your Spells              Type           Power        Failure   Level  Hunger
a - Beastly Appendage     Trmt           #.....       17%         1    ##.....


Dungeon Overview and Level Annotations

Branches:
Dungeon (4/15)             Temple (0/1) D:4

Altars:

Annotations:
D:3 Eustachio, Menkaure


Innate Abilities, Weirdness & Mutations

Your plain brown scales are hard (AC +5).
Your body does not fit into most forms of armour.
You are cold-blooded and may be slowed by cold attacks.


Message History

The rat bites you but does no damage. Eustachio hits you with a falchion!
There is a stone staircase leading up, spattered with blood here.
The rat bites you but does no damage. Menkaure hits you!!
Ouch! That really hurt!
* * * LOW HITPOINT WARNING * * *
Eustachio closely misses you.
You climb upwards.
There is a stone staircase leading down here.
You hit the rat but do no damage. You hit Menkaure.
Menkaure is lightly damaged.
Menkaure closely misses you. The rat closely misses you.
Eustachio casts a spell.
Menkaure closely misses you. The rat closely misses you.
You hit the rat.
You kill the rat!
You hit Menkaure but do no damage.
Menkaure is lightly damaged.
Menkaure gestures at you while chanting.
Pain shoots through your body!
You die...

.##......#....##.#...............
..............##.#...............
...............#.#...............
.....#.........#.#...............
.....'.........5.#...............
#....#........#..#..........#####
#.............#@.#..........#....
#.....###'######.#..........#....
#.........# #@M...............
#...)############################
#...)')..................#
#....###################.# ######
#.# #.# #.# #.# #.########


You could see Eustachio, Menkaure and a shadow imp.

Vanquished Creatures
  Jessica (D:2)
  3 gnolls (D:3)
  2 worms (D:3)
  4 giant geckos
  5 orcs (D:3)
  9 bats
  5 giant cockroaches
  3 hobgoblins
  8 jackals
  6 kobolds
  2 quokkas
  2 ball pythons
  2 giant newts (D:1)
  8 goblins
  8 rats
68 creatures vanquished.

Notes
Turn   | Place    | Note
--------------------------------------------------------------
     0 | D:1      | Shotgun the Draconian Transmuter began the quest for the Orb.
     0 | D:1      | Reached XP level 1. HP: 16/16 MP: 3/3
   297 | D:1      | Reached XP level 2. HP: 7/23 MP: 5/5
   860 | D:2      | Noticed Jessica
   862 | D:2      | Reached XP level 3. HP: 28/28 MP: 6/6
   893 | D:2      | Killed Jessica
  1570 | D:2      | Reached XP level 4. HP: 10/35 MP: 7/7
  2424 | D:3      | Reached skill level 1 in Stealth
  2938 | D:4      | Noticed a phantom
  3440 | D:4      | Found a staircase to the Ecumenical Temple.
  3440 | D:4      | Noticed Eustachio
  3440 | D:4      | Noticed Menkaure
  3450 | D:3      | Killed from afar by Menkaure

Action                   |  1- 3 |  4- 6 || total
-------------------------+-------+-------++-------
Melee: Unarmed           |    22 |       ||    22
       Dagger            |    12 |       ||    12
       Hand axe          |    98 |   105 ||   203
  Use: Scroll            |     1 |       ||     1
  Eat: Bread ration      |     1 |       ||     1
       Meat ration       |       |     1 ||     1
